 Dungeon Crawl Stone Soup version 0.24.0-10-g970556be89 (console) character file.

Game seed: 8464913821495389746, levelgen mode: deterministic

127 AlterAsc the Magician (level 4, -1/24 HPs)
             Began as a Deep Elf Ice Elementalist on Nov 3, 2019.
             Slain by a worker ant (3 damage)
             ... on level 4 of the Dungeon.
             The game lasted 00:09:00 (2538 turns).

AlterAsc the Magician (Deep Elf Ice Elementalist)   Turns: 2538, Time: 00:09:01

Health: -1/24      AC:  2    Str:  4 (5)  XL:     4   Next: 85%
Magic:  7/12       EV: 13    Int: 18 (21) God:
Gold:   158        SH:  0    Dex: 13 (15) Spells: 7/12 levels left

rFire    + + .     SeeInvis .   h - +1 hunting sling (freeze)
rCold    + . .     Gourm    .   (no shield)
rNeg     . . .     Faith    .   a - +0 robe
rPois    .         Spirit   .   q - +0 hat
rElec    .         Reflect  .   m - scarf {rC+ rF+}
rCorr    .         Harm     .   (no gloves)
MR       .....                  (no boots)
Stlth    ++........             (no amulet)
HPRegen  0.08/turn              f - ring of wizardry
MPRegen  0.13/turn              k - ring of protection from fire

@: lethally poisoned (-1 -> -13)
A: no striking features
a: no special abilities


You were on level 4 of the Dungeon.
You were hungry.

You visited 1 branch of the dungeon, and saw 4 of its levels.

You collected 158 gold pieces.

Inventory:

Hand Weapons
 h - a +1 hunting sling of freezing (weapon)
Missiles
 p - 9 sling bullets (quivered)
Armour
 a - a +0 robe (worn)
 g - a scarf of cloud immunity
 m - a scarf of resistance (worn)
 q - a +0 hat (worn)
 u - a +0 chain mail of fire resistance
 y - a +0 buckler
Jewellery
 f - a ring of wizardry (left hand)
 k - a ring of protection from fire (right hand)
 r - a cursed ring of attention {unknown}
 s - an uncursed amulet of regeneration {unknown}
 w - an uncursed amulet of harm {unknown}
 x - a +3 ring of evasion {unknown}
Scrolls
 b - 6 scrolls of teleportation {unknown}
 d - 2 scrolls of fear {unknown}
 e - a scroll of amnesia {unknown}
 i - 4 scrolls of identify {unknown}
 l - a scroll of immolation {unknown}
 n - a scroll of enchant weapon {unknown}
 t - 2 scrolls of remove curse {unknown}
 v - a scroll of noise {unknown}
Potions
 o - a potion of agility {unknown}
 z - a potion of haste {unknown}
 A - a potion of curing {unknown}
 B - a potion of heal wounds {unknown}
Comestibles
 c - 10 rations


   Skills:
 - Level 3.0 Dodging
 - Level 2.7 Stealth
 + Level 4.9 Spellcasting
 + Level 1.8 Conjurations
 + Level 4.5 Ice Magic


You had 7 spell levels left.
You knew the following spells:

 Your Spells              Type           Power        Failure   Level  Hunger
a - Freeze                Ice            ###.         1%          1    None
b - Throw Icicle          Conj/Ice       ###.....     14%         4    ####...

Your spell library contained the following spells:

 Spells                   Type           Power        Failure   Level  Hunger
 Throw Frost              Conj/Ice       ###...       2%          2    #......
 Ozocubu's Armour         Chrm/Ice       ##......     6%          3    ###....
 Summon Ice Beast         Ice/Summ       ##......     21%         4    ####...


Dungeon Overview and Level Annotations

Branches:
Dungeon (4/15)
 Temple: D:4-7

Altars:
Cheibriados
Fedhas
Ru
Wu Jian
Xom

Annotations:
D:3 Grinder
D:4 exclusions: gnoll, orc wizard and phantom


Message History

The worker ant is heavily wounded.
You feel sick. The worker ant barely misses you.
Casting: Freeze (safe; 1% risk of failure)
Confirm with . or Enter, or press ? or * to list all spells.
Aiming: Freeze (safe; 1% risk of failure)
Press: ? - help, Shift-Dir - straight line, f/p - worker ant
Aim: a worker ant (heavily wounded)
You freeze the worker ant!
The worker ant is almost dead.
You feel sick. The worker ant bites you. x2
* * * LOW HITPOINT WARNING * * *
You are more poisoned.
The worker ant poisons you!
Okay, then.
It was a potion of degeneration.
There was something very wrong with that liquid.
You feel weakened.
You feel dopey.
You feel clumsy.
* * * LOW HITPOINT WARNING * * *
You feel sick. The worker ant bites you.
You die...

#.# #.# ## ... .#
#.##.# #.#..#
#.#..#
..#####.#..######
(..(.((ga@..>....
..#.#####..#.####
#..# ..... ######


You could see a worker ant and a gnoll.

Vanquished Creatures
  A howler monkey zombie (D:4)
  2 gnolls
  3 adders (D:2)
  An ooze (D:1)
  A dart slug (D:2)
  2 leopard geckos
  An orc (D:3)
  5 giant cockroaches
  6 hobgoblins
  7 kobolds
  2 quokkas
  13 bats
  5 frilled lizards
  4 goblins
  8 rats
61 creatures vanquished.

Notes
Turn   | Place    | Note
-------+----------+-------------------------------------------
     0 | D:1      | AlterAsc the Deep Elf Ice Elementalist began the quest for
                  | the Orb.
     0 | D:1      | Reached XP level 1. HP: 10/10 MP: 6/6
    65 | D:1      | Reached XP level 2. HP: 15/15 MP: 1/8
   630 | D:1      | Reached XP level 3. HP: 19/19 MP: 5/10
  1146 | D:2      | You fall into a shaft and drop 2 floors!
  1374 | D:4      | Noticed a phantom
  1471 | D:3      | Noticed Grinder
  1480 | D:3      | Found a sacrificial altar of Ru.
  1696 | D:2      | Reached XP level 4. HP: 21/24 MP: 9/12
  1706 | D:2      | Learned a level 4 spell: Throw Icicle
  1865 | D:2      | Found a snail-covered altar of Cheibriados.
  1970 | D:2      | Found an ornate altar of the Wu Jian Council.
  2166 | D:3      | Found a shimmering altar of Xom.
  2166 | D:3      | Found a shimmering altar of Xom.
  2169 | D:3      | Found a shimmering altar of Xom.
  2169 | D:3      | Found a shimmering altar of Xom.
  2193 | D:3      | Found a shimmering altar of Xom.
  2194 | D:3      | Found a shimmering altar of Xom.
  2231 | D:3      | Found a blossoming altar of Fedhas.
  2423 | D:3      | Found a shimmering altar of Xom.
  2538 | D:4      | Slain by a worker ant

Levels and vault maps discovered:
D:1:      psy_arrival_conway, layout_basic, minmay_misc_feat_ornament
D:2:      layout_rooms, kennysheep_slug_shrine, lemuel_round_altar, first_ration
D:3:      layout_rooms, overflow_temple_1_default, lemuel_doored_altar,
          hangedman_decor_points, roderic_batcave, xom_redecorated, uniq_grinder
D:4:      layout_basic

Skill      XL: |  1  2  3 |
---------------+----------+-----
Dodging        | 3 |  3.0
Spellcasting   | 4 |  4.9
Ice Magic      | 4 |  4.5
Stealth        | |  2.7
Conjurations   | |  1.8

Action                   |  1- 3 |  4- 6 || total
-------------------------+-------+-------++-------
 Fire: Hunting sling     |    15 |    43 ||    58
 Cast: Freeze            |    47 |    27 ||    74
  Use: Potion            |       |     1 ||     1
  Eat: Chunk             |     2 |     2 ||     4
Armor: Robe              |     5 |     9 ||    14
Dodge: Dodged            |    29 |    21 ||    50
